AoeStats
← 杰哥真棒

Arena

510723990Analyzed
4v4 RM · 1d ago on Oct 2, 2026· 42m 38s· 8 players
Game mode
Random Map
Map size
Large (8 player)
Population
200
Speed
Normal
Resources
Standard
Victory
Conquest
Starting age
Dark Age
Ending age
Imperial Age
RankedLock teamsTeams togetherTeam positionsShared explorationLock speedFull tech treeHidden civsTurbo modeCheats
Victory
Defeat
🇦🇷 Huns · Argentina
1002
+11
🇦🇺 Hindustanis · Australia
965
+12
🇫🇷 Chinese · France
964
+13
🇨🇳 Bulgarians · China
936
+14
🇦🇺 Danes · Australia
949
-15
🇰🇷 Poles · South Korea
944
-15
🇪🇸 Portuguese · Spain
828
-10
🇹🇷 Mongols · Türkiye
828
-10
alexggg56
0:26 Loom
11:09 Feudal Age
15:15 Castle Age
13:19 Double-Bit Axe
13:33 Horse Collar
17:31 Fletching
18:31 Bodkin Arrow
18:58 Bow Saw
20:24 Masonry
23:22 Murder Holes
25:53 Heavy Plow
26:33 Fortified Wall
26:44 Ballistics
27:31 Padded Archer Armor
28:22 Wheelbarrow
31:45 Imperial Age
29:52 Leather Archer Armor
29:41 Gold Mining
29:42 Stone Mining
31:11 Gold Shaft Mining
30:44 Great Wall
31:41 Hand Cart
31:12 Town Watch
32:19 Thumb Ring
32:48 Bracer
33:19 Ring Archer Armor
34:10 Two-Man Saw
34:17 Chemistry
33:45 Conscription
34:15 Architecture
36:55 Stone Shaft Mining
36:40 Elite Chu Ko Nu
39:08 Scale Barding Armor
39:14 Forging
41:25 Chain Barding Armor
41:41 Iron Casting
40:31 Light Cavalry
41:21 Bloodlines
41:12 Husbandry
Matcha
2:58 Loom
10:27 Feudal Age
13:00 Double-Bit Axe
15:17 Castle Age
18:57 Bow Saw
18:36 Light Cavalry
29:52 Horse Collar
34:12 Imperial Age
33:47 Scale Barding Armor
33:53 Forging
33:35 Fletching
33:45 Padded Archer Armor
34:12 Murder Holes
34:27 Fortified Wall
34:17 Heavy Camel Rider
35:07 Bloodlines
34:58 Husbandry
35:47 Ballistics
36:04 Wheelbarrow
35:14 Town Watch
36:18 Iron Casting
36:05 Chain Barding Armor
36:00 Leather Archer Armor
36:54 Chemistry
37:03 Conscription
36:45 Hussar
37:48 Siege Engineers
39:55 Blast Furnace
40:44 Hand Cart
40:34 Imperial Camel Rider
42:35 Plate Barding Armor
Pietrox75
11:51 Feudal Age
15:31 Castle Age
13:21 Double-Bit Axe
13:17 Horse Collar
15:05 Gold Mining
15:32 Stone Mining
16:57 Bow Saw
16:50 Heavy Plow
18:01 Wheelbarrow
17:30 Loom
23:28 Husbandry
25:17 Bloodlines
29:02 Hand Cart
30:43 Gold Shaft Mining
33:57 Imperial Age
31:42 Forging
31:37 Scale Barding Armor
31:42 Forging
31:55 Scale Barding Armor
33:26 Iron Casting
33:11 Chain Barding Armor
33:26 Iron Casting
33:44 Marauders
34:12 Elite Tarkan
34:45 Cavalier
36:42 Blast Furnace
36:17 Plate Barding Armor
36:43 Blast Furnace
36:18 Plate Barding Armor
36:44 Two-Man Saw
36:09 Capped Ram
39:40 Siege Ram
杰哥真棒
10:44 Feudal Age
14:51 Castle Age
14:22 Double-Bit Axe
15:41 Loom
17:25 Wheelbarrow
17:59 Scale Mail Armor
20:03 Gambesons
23:00 Chain Mail Armor
23:10 Forging
24:20 Iron Casting
25:20 Horse Collar
26:03 Bow Saw
26:32 Fletching
30:38 Gold Mining
33:35 Imperial Age
33:13 Hand Cart
33:07 Pikeman
33:54 Squires
35:37 Plate Mail Armor
36:08 Blast Furnace
34:34 Halberdier
37:16 Horse Collar
40:31 Gold Shaft Mining
39:46 Stone Mining
42:49 Bagains
collado
11:54 Feudal Age
16:40 Castle Age
20:14 Double-Bit Axe
22:58 Wheelbarrow
22:09 Loom
22:10 Horse Collar
22:38 Pikeman
23:08 Gambesons
28:47 Scale Mail Armor
28:57 Forging
29:34 Bow Saw
38:23 Imperial Age
36:25 Heavy Plow
37:32 Gold Mining
37:33 Stone Mining
38:57 Ballistics
39:05 Ballistics
40:07 Conscription
40:20 Conscription
40:05 Town Watch
40:02 Elite Organ Gun
Malatyalı44
2:48 Loom
11:03 Feudal Age
12:56 Double-Bit Axe
15:50 Castle Age
13:36 Horse Collar
14:27 Stone Mining
14:53 Gold Mining
17:02 Wheelbarrow
17:33 Heavy Plow
18:44 Bow Saw
26:48 Padded Archer Armor
26:38 Fletching
27:09 Hand Cart
26:42 Town Watch
27:59 Bodkin Arrow
29:34 Ballistics
29:24 Fortified Wall
30:04 Gold Shaft Mining
30:27 Caravan
31:58 Leather Archer Armor
31:49 Scale Barding Armor
31:55 Forging
37:06 Imperial Age
35:41 Chain Barding Armor
35:57 Iron Casting
35:23 Scale Mail Armor
36:00 Masonry
36:32 Nomads
36:59 Pikeman
37:26 Arson
37:41 Squires
38:52 Chemistry
37:21 Elite Mangudai
38:22 Conscription
37:41 Elite Skirmisher
38:32 Bracer
38:13 Capped Ram
39:46 Drill
39:18 Heavy Camel Rider
Aaron28358
11:10 Feudal Age
11:25 Loom
12:49 Double-Bit Axe
15:31 Castle Age
13:17 Horse Collar
16:27 Bloodlines
16:24 Scale Barding Armor
17:27 Bow Saw
17:45 Heavy Plow
22:45 Wheelbarrow
24:38 Gold Mining
25:59 Hand Cart
25:30 Town Watch
27:15 Stone Mining
28:18 Treadmill Crane
29:20 Chain Barding Armor
29:11 Szlachta Privileges
31:38 Imperial Age
29:55 Husbandry
29:17 Light Cavalry
30:13 Forging
30:42 Town Patrol
31:20 Iron Casting
31:51 Stone Shaft Mining
31:52 Fletching
33:38 Conscription
33:11 Cavalier
35:04 Crop Rotation
36:18 Blast Furnace
36:26 Winged Hussar
37:08 Bodkin Arrow
39:27 Lechitic Legacy
41:09 Bracer
42:44 Scale Mail Armor
Schleb
10:44 Feudal Age
11:47 Double-Bit Axe
11:49 Horse Collar
14:32 Castle Age
17:32 Bow Saw
17:23 Heavy Plow
23:55 Forging
25:13 Scale Mail Armor
26:47 Chain Mail Armor
28:09 Iron Casting
28:58 Gambesons
29:17 Squires
28:37 Pikeman
31:18 Gambesons
31:20 Arson
35:21 Imperial Age
36:37 Plate Mail Armor
37:07 Blast Furnace
35:31 Halberdier
Connection lost

Rejoining the realm…

Still unreachable

The connection could not be restored.

Session expired

The server has moved on; the page needs a fresh start.